 Dungeon Crawl Stone Soup version 0.19-a0-1051-gdb7e7f8 (webtiles) character file.

14905 Liquid the Martial Artist (level 11, 0/72 HPs)
             Began as a Demonspawn Chaos Knight on Aug 1, 2016.
             Succumbed to a green death's bolt of poison
             ... on level 2 of the Abyss.
             The game lasted 00:56:46 (9000 turns).

Liquid the Martial Artist (Demonspawn Chaos Knight) Turns: 9000, Time: 00:56:47

Health: 0/72       AC: 16    Str: 16    XL:     11   Next: 94%
Magic:  1/8        EV: 20    Int: 14    God:    Xom [......]
Gold:   678        SH:  0    Dex: 15    Spells: 0 memorised, 10 levels left

rFire  + . .     SeeInvis +       - Unarmed
rCold  . . .     Gourm    .     p - +0 swamp dragon armour
rNeg   . . .     Faith    .     (no shield)
rPois  +         Spirit   +     (no helmet)
rElec  .         Dismiss  .     z - +2 cloak {MR+}
rCorr  .         Reflect  .     (no gloves)
SustAt .         Harm     .     (no boots)
MR     +....                    K - amulet of guardian spirit
Stlth  +.........               n - +4 ring of evasion (curse)
                                o - ring "Udghobb" {Str+5 SInv}

@: lethally poisoned (0 -> -26), somewhat resistant to hostile enchantments,
very unstealthy
A: claws 2, talons 1, iridescent scales 2, deterioration 1, fire resistance 1,
frail 2, low mp 2, weak 1, flame cloud immunity
a: Renounce Religion


You were on level 2 of the Abyss.
You worshipped Xom.
You were a very special plaything of Xom.
You were not hungry.

You visited 3 branches of the dungeon, and saw 12 of its levels.
You visited the Abyss 1 time.

You collected 678 gold pieces.

Inventory:

Armour
 g - a +2 leather armour of poison resistance
 j - a +0 pair of boots
 p - a +0 swamp dragon armour (worn)
 z - a +2 cloak of magic resistance (worn)
Jewellery
 c - an uncursed ring of stealth
 n - a cursed +4 ring of evasion (right claw)
 o - the ring "Udghobb" (left claw) {Str+5 SInv}
   (Xom gifted it to you on level 3 of the Dungeon)

   [ring of see invisible]

   It affects your strength (+5).
   It lets you see invisible.
 x - an uncursed ring of fire
 B - an uncursed ring of protection from cold
 F - an uncursed amulet of rage
 K - an amulet of guardian spirit (around neck)
Wands
 v - a wand of slowing (6/48)
 J - a wand of disintegration (6/24)
 L - a wand of lightning (4/15)
Scrolls
 h - a scroll of fear
 i - 4 scrolls of remove curse
 m - 5 scrolls of magic mapping
 q - 3 scrolls of fog
 y - a scroll of immolation {unknown}
 E - 2 scrolls of enchant weapon {unknown}
 M - a scroll of recharging {unknown}
 N - a scroll of amnesia
 O - a scroll of random uselessness {unknown}
Potions
 a - a potion of cure mutation
 r - 3 potions of cancellation
 s - 5 potions of flight
 t - 5 potions of brilliance
Books
 d - a book of the Sky

   Spells                             Type                      Level
   a - Summon Lightning Spire         Summoning/Air                4
   b - Airstrike                      Air                          4
   c - Silence                        Hexes/Air                    5
   d - Deflect Missiles               Charms/Air                   6
   e - Conjure Ball Lightning         Conjuration/Air              6
   f - Tornado                        Air                          9
 l - a book of Clouds

   Spells                             Type                      Level
   a - Mephitic Cloud                 Conjuration/Poison/Air       3
   b - Conjure Flame                  Conjuration/Fire             3
   c - Poisonous Cloud                Conjuration/Poison/Air       6
   d - Freezing Cloud                 Conjuration/Ice/Air          6
   e - Ring of Flames                 Charms/Fire                  7
 H - a Fen Folio

   Spells                             Type                      Level
   a - Corpse Rot                     Necromancy                   2
   b - Stone Arrow                    Conjuration/Earth            3
   c - Leda's Liquefaction            Hexes/Earth                  4
   d - Summon Forest                  Summoning/Translocation      5
   e - Hydra Form                     Transmutation                6
   f - Summon Hydra                   Summoning                    7
Comestibles
 b - 8 bread rations
 f - 9 fruits
 u - 4 meat rations


   Skills:
 + Level 9.7 Fighting
 - Level 7.0 Armour
 + Level 8.3 Dodging
 * Level 11.9 Unarmed Combat


You had 10 spell levels left.
You didn't know any spells.

Dungeon Overview and Level Annotations

Branches:
Dungeon (8/15)             Temple (1/1) D:4            Lair (3/6) D:8
  Swamp: Lair:2-4    Shoals: Lair:2-4     Snake: Lair:2-4    Spider: Lair:2-4

Altars:
Dithmenos
Fedhas
Hepliaklqana
Makhleb
Nemelex Xobeh
Pakellas
Sif Muna
Trog
Xom

Annotations:
Lair:1 exclusion: oklob plant
Lair:3 Sonja


Innate Abilities, Weirdness & Mutations

You have very sharp fingernails.
You are mostly covered in iridescent scales. (AC +4)
Your flesh is heat resistant. (rF+)
You are immune to clouds of flame.
You have sharp toenails.
Your body sometimes deteriorates upon taking damage.
[You are very frail. (-20% HP)]
[Your magical capacity is very low. (-20% MP)]
[You are weak. (Str -2)]


Message History

You feel sick.
You barely miss the green death.
You claw the green death, but do no damage.
The green death is lightly wounded.
You feel sick. The green death gestures at you. The bolt of poison hits you!
You are lethally poisoned!
You resist.
* * * LOW HITPOINT WARNING * * *
You scratch the green death but do no damage.
You claw the green death!
The green death is moderately wounded.
* * * LOW HITPOINT WARNING * * *
You feel sick. The green death hits you.
* * * LOW HITPOINT WARNING * * *
You closely miss the green death.
The green death is moderately wounded.
You die...
Xom cackles wildly!

... # ..# .
###.# .# #
#.. ##. # .
#.. .. #
##..## # # #
## ###.#..##
#... . #.####
. #.#.##. #
#.#
.#@######.#.#
# .
#...2#..#.##
####.. ##
##....##..#.
#. .# #
#..##..#..#.#
#X# . # #..
##.##.### #.
. # # #.
..##. ##..
.## # ## # #
X ## . ...#
##


X You could see a green death.

Vanquished Creatures
  Snorg (Lair:3)
  A hydra (Lair:3)
  An elephant (Lair:2)
  A black mamba (Lair:2)
  3 spiny frogs
  A dire elephant skeleton (Abyss:2)
  5 komodo dragons
  The ghost of Xoff the Charmwright, a novice HESk of Okawaru (D:5)
  A rime drake (Lair:2)
  A giant leech (Lair:3)
  A queen bee (Lair:2)
  Sigmund (D:5)
  3 flying skulls (Abyss:2)
  A wraith (Abyss:2)
  A ynoxinul (Abyss:2)
  A wyvern (Lair:2)
  13 yaks
  A hog (Lair:1)
  5 hippogriffs
  A golden eye (shapeshifter) (Abyss:2)
  A steam dragon (Lair:2)
  Menkaure (D:5)
  4 water moccasins
  A porcupine (Lair:2)
  An orc warrior (D:8)
  A sky beast (D:5)
  An ice beast (D:8)
  A black bear (Lair:1)
  A wasp (Lair:3)
  3 ogres
  9 wolves
  4 centaurs
  4 crocodiles
  A big kobold (D:3)
  3 giant frogs
  An elf skeleton (Abyss:2)
  A scorpion (D:5)
  16 killer bees (Lair:2)
  A howler monkey (D:3)
  2 crimson imps
  A giant frog zombie (D:6)
  4 jellies
  4 orc priests
  Crazy Yiuf (D:5)
  A hound (D:5)
  A quasit (D:8)
  6 iguanas
  2 orc wizards
  4 worker ants
  A sheep (Lair:2)
  A hound zombie (D:5)
  2 worker ant zombies (D:5)
  A howler monkey skeleton (D:7)
  4 gnolls (D:8)
  48 river rats
  6 adders
  A shadow imp (D:8)
  2 oozes
  An adder skeleton (D:4)
  2 adder zombies
  3 worms
  4 giant geckos
  23 orcs
  4 ball pythons
  11 bats
  7 giant cockroaches
  7 hobgoblins
  5 jackals
  12 kobolds
  4 quokkas
  6 giant newts
  5 goblins
  A jackal skeleton (D:4)
  A quokka skeleton (D:6)
  6 rats
  A fungus (Lair:3)
294 creatures vanquished.

Vanquished Creatures (collateral kills)
  A spriggan (D:8)
  A yak (Lair:3)
  A wolf (Lair:1)
  A giant frog (Lair:1)
  4 wights (D:3)
  A river rat (Lair:1)
9 creatures vanquished.

Vanquished Creatures (others)
  A human (D:3)
  2 killer bees (Lair:2)
  4 fungi
  7 plants (Lair:2)
14 creatures vanquished.

Grand Total: 317 creatures vanquished

Notes
Turn   | Place    | Note
-------+----------+-------------------------------------------
     0 | D:1      | Liquid the Demonspawn Chaos Knight began the quest for the Orb.
     0 | D:1      | Reached XP level 1. HP: 18/18 MP: 1/1
    21 | D:1      | Reached skill level 1 in Dodging
   104 | D:1      | Reached skill level 3 in Unarmed Combat
   104 | D:1      | Gained mutation: Your flesh is heat resistant. (rF+) [demonic ancestry]
   104 | D:1      | Reached XP level 2. HP: 24/24 MP: 2/2
   243 | D:1      | XOM: harmless Summ miscast
   299 | D:2      | XOM: smoke on damage
   300 | D:2      | XOM: harmless Chrm miscast
   566 | D:1      | XOM is BORED!
   566 | D:1      | XOM: noise
   707 | D:1      | Reached XP level 3. HP: 23/29 MP: 3/3
   850 | D:2      | Found a bloodstained altar of Trog.
   952 | D:2      | Found a sparkling altar of Nemelex Xobeh.
  1040 | D:2      | XOM: 1-stop teleportation journey
  1080 | D:2      | Found a shimmering altar of Xom.
  1532 | D:3      | Found a hazy altar of Hepliaklqana.
  1570 | D:3      | Gained mutation: You are immune to clouds of flame. [demonic ancestry]
  1570 | D:3      | Reached XP level 4. HP: 31/35 MP: 4/4
  1652 | D:3      | XOM: butterfly on damage
  1670 | D:3      | XOM: confuse monster(s)
  1674 | D:3      | XOM: enchant monster (good)
  1680 | D:3      | XOM: summons 3 friendly demons
  1697 | D:3      | Gained mutation: You have sharp fingernails. [demonic ancestry]
  1697 | D:3      | Reached XP level 5. HP: 22/41 MP: 5/5
  1705 | D:3      | Reached skill level 4 in Unarmed Combat
  1707 | D:3      | XOM: god gift: pitted lead ring {god gift}
  1708 | D:3      | Got a pitted lead ring {god gift}
  1710 | D:3      | Identified the ring "Udghobb" {Str+5 SInv} (Xom gifted it to you on level 3 of the Dungeon)
  1730 | D:3      | XOM: butterfly on damage
  1751 | D:3      | XOM: 3-stop teleportation journey
  1976 | D:3      | Found a burning altar of Makhleb.
  2012 | D:3      | XOM: cast spell 'Cause Fear'
  2017 | D:3      | XOM: confuse monster(s)
  2033 | D:3      | XOM: god gift: swamp dragon armour {god gift}
  2065 | D:3      | Found an oddly glowing altar of Pakellas.
  2065 | D:3      | Noticed a human
  2071 | D:3      | Killed a human
  2113 | D:3      | Gained mutation: You have very sharp fingernails. [demonic ancestry]
  2113 | D:3      | Reached XP level 6. HP: 46/48 MP: 6/6
  2704 | D:4      | Found a staircase to the Ecumenical Temple.
  2712 | D:4      | HP: 1/48 [orc/morningstar of holy wrath (6)]
  2741 | Temple   | Entered the Ecumenical Temple
  3026 | D:5      | Entered Level 5 of the Dungeon
  3089 | D:5      | Reached skill level 5 in Unarmed Combat
  3106 | D:5      | Reached XP level 7. HP: 50/54 MP: 7/7
  3186 | D:5      | Noticed Sigmund
  3186 | D:5      | XOM: enchant monster (bad)
  3195 | D:5      | XOM: destruction
  3201 | D:5      | XOM: stat loss: -1 Int (12/13)
  3233 | D:5      | Found an oddly glowing altar of Pakellas.
  3298 | D:5      | XOM: blink monster(s)
  3300 | D:5      | XOM: harmless Tloc miscast
  3304 | D:5      | XOM: summons friendly iron imp
  3450 | D:5      | Noticed Menkaure
  3463 | D:5      | HP: 2/55 [Menkaure (13)]
  3464 | D:5      | Killed Menkaure
  3464 | D:5      | Reached skill level 5 in Fighting
  3794 | D:5      | Noticed Xoff's ghost (novice HESk)
  3797 | D:5      | Got a dazzling trident
  3803 | D:5      | XOM: confuse monster(s)
  3807 | D:5      | XOM: confusion (+ monsters)
  3817 | D:5      | XOM: potion effect (haste)
  3822 | D:5      | XOM: confusion
  3831 | D:5      | XOM: harmless Pois miscast
  3832 | D:5      | XOM: 6-stop teleportation journey
  3844 | D:5      | XOM: chaos cloud
  3845 | D:5      | Killed Xoff's ghost
  3845 | D:5      | Reached skill level 6 in Unarmed Combat
  3845 | D:5      | Gained mutation: You are partially covered in iridescent scales. (AC +2) [demonic ancestry]
  3845 | D:5      | Reached XP level 8. HP: 56/62 MP: 8/8
  3892 | D:5      | Found a runed door.
  3896 | D:5      | Noticed Crazy Yiuf
  3902 | D:5      | Killed Crazy Yiuf
  3971 | D:5      | XOM: medium Tloc miscast
  4081 | D:5      | Identified the +1 trident of the Apocalypse {pierce, +Rage Int+4} (You found it on level 5 of the Dungeon)
  4151 | D:5      | XOM: harmless Air miscast
  4213 | D:5      | Killed Sigmund
  4336 | D:6      | XOM: mild Tmut miscast
  4436 | D:6      | XOM: polymorph giant newt -> jackal
  4551 | D:6      | Reached skill level 7 in Unarmed Combat
  4707 | D:6      | XOM: divination: detect creatures
  4966 | D:7      | XOM: mild Ice miscast
  4977 | D:7      | Reached skill level 5 in Armour
  4977 | D:7      | Reached skill level 5 in Dodging
  4977 | D:7      | Gained mutation: You are mostly covered in iridescent scales. (AC +4) [demonic ancestry]
  4977 | D:7      | Reached XP level 9. HP: 47/69 MP: 9/9
  4980 | D:7      | XOM: harmless Pois miscast
  5146 | D:7      | XOM: chaos upgrade
  5181 | D:7      | Found a blossoming altar of Fedhas.
  5205 | D:7      | XOM: 1-stop teleportation journey
  5582 | D:8      | Found a staircase to the Lair.
  5587 | D:8      | Found a shadowy altar of Dithmenos.
  5624 | D:8      | XOM: mild Tmut miscast
  5688 | D:8      | Found a deep blue altar of Sif Muna.
  5737 | D:8      | XOM: harmless Tloc miscast
  5822 | D:8      | XOM: mild Fire miscast
  5859 | D:8      | Reached skill level 8 in Unarmed Combat
  5877 | D:8      | Found a deep blue altar of Sif Muna.
  6034 | D:8      | XOM: give mutations
  6034 | D:8      | Gained mutation: You have sharp toenails. [Xom's grace]
  6034 | D:8      | Gained mutation: You are agile. (Dex +2) [Xom's grace]
  6108 | Lair:1   | Entered Level 1 of the Lair of Beasts
  6124 | Lair:1   | Noticed a komodo dragon
  6128 | Lair:1   | XOM: destruction
  6140 | Lair:1   | XOM: summons friendly iron imp
  6147 | Lair:1   | Killed a komodo dragon
  6272 | Lair:1   | XOM: polymorph yak -> hog
  6277 | Lair:1   | XOM: cleaving
  6278 | Lair:1   | Reached skill level 9 in Unarmed Combat
  6299 | Lair:1   | Reached XP level 10. HP: 30/79 MP: 10/10
  6539 | Lair:1   | XOM: scenery: create altars
  6597 | Lair:1   | XOM: cleaving
  6610 | Lair:1   | XOM: confuse monster(s)
  6613 | Lair:1   | XOM: summons friendly iron imp
  6640 | Lair:1   | XOM: polymorph iron imp -> shadow imp
  6650 | Lair:1   | XOM: confuse monster(s)
  6651 | Lair:1   | XOM: summons 5 friendly demons
  6709 | Lair:1   | Noticed an oklob plant
  6710 | Lair:1   | XOM: scenery: create altars
  6717 | Lair:1   | XOM: 1-stop teleportation journey
  6718 | Lair:1   | Noticed a spiny frog
  6732 | Lair:1   | Killed a spiny frog
  6732 | Lair:1   | Reached skill level 10 in Unarmed Combat
  6732 | Lair:1   | XOM: confusion
  6976 | Lair:2   | Noticed a black mamba
  6991 | Lair:2   | Killed a black mamba
  7124 | Lair:2   | XOM: 1-stop teleportation journey
  7206 | Lair:2   | XOM: noise
  7344 | Lair:2   | XOM: snakes to sticks
  7452 | Lair:2   | Noticed an elephant
  7452 | Lair:2   | XOM: harmless Conj miscast
  7455 | Lair:2   | XOM: harmless Conj miscast
  7457 | Lair:2   | XOM: summons 2 friendly demons
  7463 | Lair:2   | Killed an elephant
  7463 | Lair:2   | Reached XP level 11. HP: 80/87 MP: 11/11
  7519 | Lair:2   | XOM: harmless Air miscast
  7528 | Lair:2   | XOM: enchant monster (bad)
  7568 | Lair:2   | XOM: summons friendly shadow imp
  7611 | Lair:2   | Noticed a griffon
  7612 | Lair:2   | XOM: destruction
  7798 | Lair:2   | Reached skill level 11 in Unarmed Combat
  7920 | Lair:3   | Noticed a seven-headed hydra
  7929 | Lair:3   | Killed a seven-headed hydra
  7967 | Lair:3   | XOM: noise
  8077 | Lair:3   | Noticed Snorg
  8095 | Lair:3   | Killed Snorg
  8174 | Lair:3   | XOM: enchant monster (bad)
  8199 | Lair:3   | XOM: scenery: create altars
  8201 | Lair:3   | XOM: potion effect (berserk rage)
  8203 | Lair:3   | XOM: cleaving
  8300 | Lair:3   | XOM: summons 4 friendly demons
  8370 | Lair:3   | Noticed Sonja
  8377 | Lair:3   | XOM: fog
  8386 | Lair:3   | XOM: enchant monster (bad)
  8387 | Lair:3   | XOM: 4-stop teleportation journey
  8390 | Lair:3   | XOM: enchant monster (bad)
  8411 | Lair:3   | Cast into level 2 of the Abyss (Sonja)
  8554 | Abyss:2  | XOM: harmless Ice miscast
  8584 | Abyss:2  | XOM: summons 3 hostile shadow creatures
  8585 | Abyss:2  | Noticed a wretched star
  8585 | Abyss:2  | Noticed a starcursed mass
  8591 | Abyss:2  | Paralysed by accursed screaming for 1 turns
  8595 | Abyss:2  | XOM: summons 5 hostile demons
  8609 | Abyss:2  | XOM: give mutations
  8609 | Abyss:2  | Gained mutation: Your body sometimes deteriorates upon taking damage. [Xom's mischief]
  8609 | Abyss:2  | Lost mutation: You are agile. (Dex +2) [Xom's mischief]
  8658 | Abyss:2  | Found a viscous altar of Jiyva.
  8658 | Abyss:2  | Found a corrupted altar of Lugonu.
  8661 | Abyss:2  | XOM: polymorph neqoxec -> chaos spawn
  8664 | Abyss:2  | HP: 3/71 [Xom's lightning strike (3)]
  8664 | Abyss:2  | XOM: divine lightning (protected)
  8707 | Abyss:2  | HP: 1/71 [flying skull (2)]
  8720 | Abyss:2  | Noticed a tentacled starspawn
  8951 | Abyss:2  | Noticed a starcursed mass
  8989 | Abyss:2  | Noticed a green death
  8999 | Abyss:2  | HP: 2/72 [green death (2)]
  9000 | Abyss:2  | Succumbed to a green death's bolt of poison

Vault maps used:
D:1:      lemuel_arrival_room, st_stairs_7
D:2:      overflow_temple_1_default, old_standard_altar,
          overflow_temple_1_default, first_bread, st_stairs_1
D:3:      lemuel_crystal_altar, nicolae_overflow_crystal_walls,
          gammafunk_pakellas_its_alive
D:5:      basic_altar, uniq_sigmund, uniq_crazy_yiuf_cottage, uniq_menkaure
D:7:      fedhas_altar_3, minmay_misc_feat_five
D:8:      lemuel_round_altar, lemuel_crystal_altar, the_bakery,
          minmay_misc_feat_nine_boxes, kennysheep_flooded_box
Temple:   jpeg_temple_island
Lair:1:   minmay_lair_oklob_bushes
Lair:2:   regret_index_wax_grids
Lair:3:   minmay_swamp_entry_worms, infiniplex_staircase_pool, uniq_sonja,
          uniq_snorg

Skill      XL: |  1  2  3  4  5  6  7  8  9 10 11 |
---------------+----------------------------------+-----
Dodging        | 1 2 3 4 5 6 7 8 |  8.3
Unarmed Combat | 3 4 5 6 7 9 10 11 | 11.9
Armour         | 2 3 4 5 6 7 |  7.0
Fighting       | 4 5 6 7 8 9 |  9.7

Action                   |  1- 3 |  4- 6 |  7- 9 | 10-12 || total
-------------------------+-------+-------+-------+-------++-------
Melee: Unarmed           |   209 |   175 |   319 |   543 ||  1246
       Punch             |     1 |     3 |    14 |    38 ||    56
       Kick              |       |       |       |   124 ||   124
Evoke: Wand              |       |       |     3 |    10 ||    13
  Use: Scroll            |       |     8 |     5 |    13 ||    26
       Potion            |       |     1 |     1 |     7 ||     9
 Stab: Sleeping          |     8 |       |       |       ||     8
       Confused          |       |     2 |     4 |     1 ||     7
       Distracted        |       |       |     1 |     2 ||     3
       Invisible         |       |       |       |     1 ||     1
  Eat: Chunk             |     2 |     5 |     9 |     8 ||    24
       Beef jerky        |       |       |     1 |     1 ||     2
       Pizza             |       |       |       |     1 ||     1
Armor: Leather armour    |    85 |    15 |       |       ||   100
       Swamp dragon armo |       |    40 |    79 |   148 ||   267
Dodge: Dodged            |   133 |   131 |   206 |   605 ||  1075
